[Event "Titled Tuesday Blitz June 20 Early 2023"]
[White "Toncheva, Nadya"]
[Black "MKlose11"]
[WhiteFideId "2924056"]
[WhiteElo "2101"]
[BlackElo "2571"]
[Result "0-1"]
[Round "8"]
[TimeControl "180+2"]
[Date "2023.06.20"]
[WhiteClock "0:00:19"]
[BlackClock "0:01:29"]
[Board "99"]

1. e4 e6 2. d4 d5 3. Nd2 Be7 4. Ngf3 Nf6 5. Bd3 c5 6. exd5 exd5 7. c3 O-O 8. O-O Nc6 9. dxc5 Bxc5 10. Nb3 Bb6 11. Re1 Qd6 12. h3 Bxh3 13. gxh3 Qg3+ 14. Kh1 Bxf2 15. Rf1 Qxh3+ 16. Nh2 Bg3 17. Qc2 Ne5 18. Bf4 Bxf4 19. Rxf4 Qxd3 20. Qg2 Ng6 21. Rd4 Qf5 22. Rf1 Qh5 23. Rxf6 gxf6 24. Rxd5 Qh4 25. Rf5 Rae8 26. Kg1 Re1+ 27. Nf1 Rfe8 28. Nd4 R8e5 29. Nf3 Rxf5 30. Nxh4 Rexf1+ 31. Kh2 R5f2 32. Nf3 Rxg2+ 0-1


[Site "https://www.chess.com"]

[Event "Titled Tuesday Blitz June 20 Early 2023"]
[White "Mattheii"]
[Black "Skliarov, Viktor"]
[BlackFideId "14106736"]
[WhiteElo "2468"]
[BlackElo "2317"]
[Result "0-1"]
[Round "8"]
[TimeControl "180+2"]
[Date "2023.06.20"]
[WhiteClock "0:00:00"]
[BlackClock "0:00:48"]
[Board "100"]

1. d4 Nf6 2. c4 e6 3. Nc3 Bb4 4. Nf3 b6 5. e3 Bb7 6. Bd3 Ne4 7. Bd2 Nxd2 8. Qxd2 O-O 9. O-O f5 10. a3 Bxc3 11. Qxc3 Bxf3 12. gxf3 d6 13. Kh1 Nd7 14. Rg1 Qf6 15. f4 a5 16. Rg3 Rf7 17. b3 Re8 18. b4 axb4 19. axb4 e5 20. dxe5 dxe5 21. Ra7 exf4 22. Qxf6 Nxf6 23. exf4 Ne4 24. Bxe4 Rxe4 25. Re3 Rxc4 26. b5 g6 27. Re8+ Kg7 28. Rc8 Rxf4 29. Rcxc7 Rxc7 30. Rxc7+ Kh6 31. Rc6 Rxf2 32. Rxb6 Kg5 33. Kg1 Rb2 34. Rb8 h5 35. h3 h4 0-1


[Site "https://www.chess.com"]

[Event "Titled Tuesday Blitz June 20 Early 2023"]
[White "LangesNasenhaar"]
[Black "brm72"]
[WhiteElo "2462"]
[BlackElo "2556"]
[Result "0-1"]
[Round "8"]
[TimeControl "180+2"]
[Date "2023.06.20"]
[WhiteClock "0:00:00"]
[BlackClock "0:00:17"]
[Board "101"]

1. d4 Nf6 2. Nc3 d5 3. Bf4 c5 4. e4 Nxe4 5. Nxe4 dxe4 6. dxc5 Qa5+ 7. c3 Qxc5 8. Qa4+ Nc6 9. Qxe4 g6 10. Rd1 Bg7 11. Nf3 Qb6 12. Bc4 Qxb2 13. O-O O-O 14. Bd2 Bf5 15. Qh4 Ne5 16. Nxe5 Bxe5 17. Qxe7 Bxc3 18. Bh6 Bg7 19. Bxg7 Kxg7 20. Rfe1 b5 21. Bb3 a5 22. Re5 a4 23. Bd5 Rad8 24. h3 b4 25. Rde1 b3 26. axb3 a3 27. g4 Bc8 28. R1e2 a2 29. Bxf7 a1=Q+ 30. Kh2 Rd7 31. Qe6 Rdxf7 0-1


[Site "https://www.chess.com"]

[Event "Titled Tuesday Blitz June 20 Early 2023"]
[White "DanyKopy"]
[Black "Ambartsumova, Karina"]
[BlackFideId "4166299"]
[WhiteElo "2460"]
[BlackElo "2240"]
[Result "1-0"]
[Round "8"]
[TimeControl "180+2"]
[Date "2023.06.20"]
[WhiteClock "0:00:29"]
[BlackClock "0:00:00"]
[Board "102"]

1. e4 e5 2. Nf3 Nc6 3. Nc3 Nf6 4. d4 exd4 5. Nxd4 Bb4 6. Nxc6 bxc6 7. Bd3 O-O 8. O-O d5 9. exd5 cxd5 10. Bg5 c6 11. Na4 Rb8 12. c3 Bd6 13. Bc2 Ba6 14. Re1 h6 15. Bh4 g5 16. Bg3 c5 17. Qf3 Kg7 18. Rad1 Bxg3 19. Qxg3 Rc8 20. Re5 Nh5 21. Qf3 Nf4 22. g3 Ng6 23. Rexd5 Qa5 24. b4 Qb5 25. Nxc5 Bb7 26. Nxb7 Qxb7 27. Bxg6 1-0


[Site "https://www.chess.com"]

[Event "Titled Tuesday Blitz June 20 Early 2023"]
[White "Leenhouts, Koen"]
[Black "Jovic, Stanoje"]
[WhiteFideId "1008439"]
[BlackFideId "905020"]
[WhiteElo "2409"]
[BlackElo "2236"]
[Result "0-1"]
[Round "8"]
[TimeControl "180+2"]
[Date "2023.06.20"]
[WhiteClock "0:00:00"]
[BlackClock "0:00:59"]
[Board "103"]

1. e4 c6 2. d4 d5 3. e5 c5 4. dxc5 e6 5. a3 Bxc5 6. b4 Bb6 7. Nf3 Ne7 8. Bd3 Ng6 9. O-O Nc6 10. Bb2 O-O 11. Nbd2 f6 12. exf6 gxf6 13. c4 Nce5 14. Bxg6 Nxg6 15. cxd5 Qxd5 16. Rc1 e5 17. Nc4 Qxd1 18. Rfxd1 Bg4 19. Nxb6 axb6 20. Rd6 Nf4 21. Kf1 Bxf3 22. gxf3 Rad8 23. Rxb6 Rd2 24. Bc3 Ra2 25. Be1 Rf7 26. Rc8+ Kg7 27. Rb8 Rxa3 28. R6xb7 Ra1 29. Rxf7+ Kxf7 30. Rd8 Ke7 31. Rd2 Rb1 32. h4 h5 33. b5 Rxb5 34. Rd1 Rb3 35. Bd2 Rxf3 36. Ra1 Ng6 37. Ra7+ Ke6 38. Rh7 Rf5 39. Ke2 Nxh4 40. Be3 Nf3 41. Rh8 h4 42. Rh7 e4 43. Kd1 Rd5+ 44. Kc2 Ra5 45. Rh8 Ra2+ 0-1


[Site "https://www.chess.com"]

[Event "Titled Tuesday Blitz June 20 Early 2023"]
[White "De La Villa Garcia, Jesus Maria"]
[Black "Titichoca Daza, Daniel"]
[WhiteFideId "2200040"]
[BlackFideId "3309550"]
[WhiteElo "2545"]
[BlackElo "2101"]
[Result "0-1"]
[Round "8"]
[TimeControl "180+2"]
[Date "2023.06.20"]
[WhiteClock "0:00:27"]
[BlackClock "0:00:28"]
[Board "104"]

1. c4 Nf6 2. Nc3 e6 3. e4 c5 4. e5 Ng8 5. Nf3 Nc6 6. d4 cxd4 7. Nxd4 Nxe5 8. Ndb5 d6 9. c5 d5 10. Bf4 f6 11. Bxe5 fxe5 12. Qh5+ Kd7 13. Qxe5 Nf6 14. Nd6 Bxd6 15. Qxd6+ Ke8 16. Bb5+ Kf7 17. Qe5 Bd7 18. O-O a6 19. Bd3 Re8 20. b4 Kg8 21. Ne2 Ng4 22. Qh5 Nh6 23. Rad1 e5 24. Nc3 Bg4 25. Qxg4 Nxg4 26. Nxd5 Qh4 27. h3 Nf6 28. Nc7 e4 29. Bc4+ Kh8 30. Nxa8 Rxa8 31. Bb3 h6 32. Rd6 a5 33. b5 Qg5 34. c6 bxc6 35. bxc6 Rc8 36. Rfd1 e3 37. Rd8+ Rxd8 38. Rxd8+ Kh7 39. Bc2+ g6 40. Rd1 exf2+ 41. Kxf2 Qc5+ 42. Kf1 Qxc2 43. Rd6 Ne4 44. Rd7+ Kg8 45. Ke1 Qxc6 0-1


[Site "https://www.chess.com"]

[Event "Titled Tuesday Blitz June 20 Early 2023"]
[White "Melikhov, Evgeny V."]
[Black "Gavrilov, Maxim"]
[WhiteFideId "4122046"]
[BlackFideId "24271454"]
[WhiteElo "2158"]
[BlackElo "1969"]
[Result "0-1"]
[Round "8"]
[TimeControl "180+2"]
[Date "2023.06.20"]
[WhiteClock "0:00:18"]
[BlackClock "0:00:30"]
[Board "105"]

1. d4 Nf6 2. c4 e6 3. Nc3 Bb4 4. Qc2 c5 5. dxc5 O-O 6. a3 Bxc5 7. Nf3 Nc6 8. Bg5 h6 9. Bxf6 Qxf6 10. Ne4 Qg6 11. Rc1 Be7 12. Nc3 Qg4 13. Qe4 f5 14. Qxg4 fxg4 15. Nd2 b6 16. h3 gxh3 17. Rxh3 Bb7 18. f3 Bg5 19. e4 Nd4 20. Ne2 Bxd2+ 21. Kxd2 Nb3+ 22. Kc2 Nxc1 23. Nxc1 Rac8 24. Nb3 Ba6 25. Kc3 d5 26. exd5 exd5 27. Rh4 dxc4 28. Nd4 Rfe8 29. Rg4 Kh8 30. Nf5 Rc7 31. Re4 Rxe4 32. fxe4 b5 33. Kd4 Bc8 34. Nd6 Bd7 35. e5 a5 36. g3 Kg8 37. a4 c3 38. bxc3 bxa4 39. c4 a3 40. c5 Be6 41. Nb5 a2 42. Nxc7 a1=Q+ 43. Ke4 Qxf1 44. Nxe6 Qc4+ 45. Nd4 Qxc5 0-1


[Site "https://www.chess.com"]

[Event "Titled Tuesday Blitz June 20 Early 2023"]
[White "Fernandez Siles, Luis"]
[Black "Ismayil, Malak"]
[WhiteFideId "2209420"]
[BlackFideId "13412604"]
[WhiteElo "2195"]
[BlackElo "1868"]
[Result "1-0"]
[Round "8"]
[TimeControl "180+2"]
[Date "2023.06.20"]
[WhiteClock "0:00:17"]
[BlackClock "0:00:07"]
[Board "106"]

1. e4 e5 2. Nf3 Nc6 3. Bc4 Bc5 4. O-O Nf6 5. d4 Bxd4 6. Nxd4 Nxd4 7. Bg5 d6 8. f4 Be6 9. Na3 Qe7 10. c3 Nc6 11. f5 Bxc4 12. Nxc4 Qd7 13. Bxf6 gxf6 14. Ne3 Ne7 15. Ng4 Ng8 16. Qe1 h5 17. Qh4 O-O-O 18. Ne3 c6 19. b4 Nh6 20. h3 Qe7 21. a4 Rdg8 22. b5 Rg5 23. bxc6 bxc6 24. Rfb1 Kc7 25. Qf2 d5 26. Nxd5+ cxd5 27. Qxa7+ Kd6 28. Rb6+ Kc5 29. Rb7+ Kc4 30. Rxe7 Kd3 31. Qf2 Rhg8 32. Rd1+ Kc4 33. Rc7+ Kb3 34. Rb1+ Ka3 35. Qb2+ Kxa4 36. Qb4# 1-0


[Site "https://www.chess.com"]

[Event "Titled Tuesday Blitz June 20 Early 2023"]
[White "Yelisieiev, Yevhenii"]
[Black "Rodriguez Polo, Mateo"]
[WhiteFideId "14139642"]
[BlackFideId "24509396"]
[WhiteElo "2403"]
[BlackElo "2117"]
[Result "1-0"]
[Round "8"]
[TimeControl "180+2"]
[Date "2023.06.20"]
[WhiteClock "0:00:40"]
[BlackClock "0:01:51"]
[Board "107"]

1. d4 Nf6 2. Nf3 d5 3. c4 e6 4. Nc3 dxc4 5. e4 Bb4 6. Bg5 c5 7. Bxc4 cxd4 8. Nxd4 Bxc3+ 9. bxc3 Qa5 10. Bxf6 Qxc3+ 11. Kf1 gxf6 12. Rc1 Qa5 13. g3 Bd7 14. Kg2 Nc6 15. Nb5 Ne5 16. Nd6+ Ke7 17. Be2 Bc6 18. Nc4 Nxc4 19. Rxc4 Rhd8 20. Qb3 Rd2 21. Rxc6 bxc6 22. Qb7+ Kd6 23. Qxa8 Rxe2 24. Rd1+ Rd2 25. Rxd2+ Qxd2 26. Qd8+ 1-0


[Site "https://www.chess.com"]

[Event "Titled Tuesday Blitz June 20 Early 2023"]
[White "chess123456s"]
[Black "Buscar, Michael"]
[BlackFideId "2603616"]
[WhiteElo "2524"]
[BlackElo "2010"]
[Result "1-0"]
[Round "8"]
[TimeControl "180+2"]
[Date "2023.06.20"]
[WhiteClock "0:00:51"]
[BlackClock "0:00:15"]
[Board "108"]

1. e4 c5 2. Nf3 Nc6 3. d4 cxd4 4. Nxd4 Nf6 5. Nc3 e5 6. Ndb5 h6 7. Nd6+ Bxd6 8. Qxd6 Qe7 9. Qxe7+ Kxe7 10. b3 Rd8 11. Ba3+ d6 12. O-O-O Be6 13. Nd5+ Bxd5 14. exd5 Nb8 15. Re1 Nfd7 16. f4 f6 17. Bd3 Na6 18. Bb5 Nc7 19. Bxd7 Kxd7 20. fxe5 fxe5 21. Rhf1 Rf8 22. c4 Rf6 23. Rxf6 gxf6 24. Re4 Rg8 25. g3 Rg5 26. Kd2 Na6 27. Rh4 h5 28. Ke2 b6 29. Bc1 Rf5 30. h3 e4 31. Rxe4 Nc5 32. Re3 b5 33. Bb2 a5 34. Rf3 Rxf3 35. Kxf3 bxc4 36. bxc4 Ke7 37. g4 hxg4+ 38. Kxg4 Ne4 39. Bd4 Kf7 40. h4 Nd2 41. c5 dxc5 42. Bxc5 Ne4 43. Bd4 Nd6 44. h5 Kg7 45. a4 Kh6 46. Bxf6 1-0


[Site "https://www.chess.com"]

[Event "Titled Tuesday Blitz June 20 Early 2023"]
[White "Hambleton, Aman"]
[Black "Andreev, Konstantin"]
[WhiteFideId "2606577"]
[BlackFideId "24239305"]
[WhiteElo "2511"]
[BlackElo "2106"]
[Result "0-1"]
[Round "8"]
[TimeControl "180+2"]
[Date "2023.06.20"]
[WhiteClock "0:00:00"]
[BlackClock "0:01:07"]
[Board "109"]

1. e4 c5 2. Ne2 e6 3. Nbc3 Nc6 4. g3 a6 5. d4 cxd4 6. Nxd4 Qc7 7. Bg2 Nf6 8. O-O Nxd4 9. Qxd4 Bc5 10. Bf4 d6 11. Qd2 h6 12. Rfd1 e5 13. Be3 Bxe3 14. Qxe3 Be6 15. Rd2 O-O 16. Rad1 Rfd8 17. h3 b5 18. a3 Rac8 19. f4 exf4 20. gxf4 Rb8 21. Rd4 a5 22. e5 dxe5 23. Qxe5 Qb6 0-1


[Site "https://www.chess.com"]

[Event "Titled Tuesday Blitz June 20 Early 2023"]
[White "Veiga, Jose Francisco R P Neves"]
[Black "Corredor Castellanos, Camilo"]
[WhiteFideId "1930087"]
[BlackFideId "4425871"]
[WhiteElo "2319"]
[BlackElo "1994"]
[Result "1/2-1/2"]
[Round "8"]
[TimeControl "180+2"]
[Date "2023.06.20"]
[WhiteClock "0:00:12"]
[BlackClock "0:00:17"]
[Board "110"]

1. c4 e5 2. Nc3 Bb4 3. Qb3 Be7 4. Nf3 Nc6 5. e3 d6 6. a3 Nf6 7. Qc2 O-O 8. Be2 Re8 9. O-O Bf8 10. d4 exd4 11. exd4 Bg4 12. d5 Bxf3 13. Bxf3 Nd4 14. Qd1 Nxf3+ 15. Qxf3 Nd7 16. b3 g6 17. Bb2 Bg7 18. Rae1 a5 19. Qd1 a4 20. b4 Qh4 21. Rxe8+ Rxe8 22. Qxa4 Rd8 23. Qb3 Ne5 24. Nb5 c6 25. dxc6 bxc6 26. Nd4 c5 27. Nb5 Qxc4 28. Qxc4 Nxc4 29. Bxg7 Kxg7 30. Rc1 Nxa3 31. Nxa3 cxb4 32. Nb5 d5 33. Nd4 Kf6 34. f4 Re8 35. Kf2 Re4 36. Ne2 Rc4 37. Rxc4 dxc4 38. Ke3 b3 39. Nc3 Kf5 40. Kf3 h5 41. g3 f6 42. h3 g5 43. g4+ hxg4+ 44. hxg4+ Ke6 45. f5+ Ke5 46. Ke3 b2 47. Nb1 Kd5 48. Nc3+ Ke5 49. Nb1 Kd5 50. Na3 Kc5 51. Kd2 Kd4 52. Kc2 Ke4 53. Nxc4 Kf4 54. Kxb2 Kxg4 55. Nd6 Kf4 56. Kc3 g4 57. Kd3 Kf3 58. Ne4 g3 59. Nd2+ Kg4 60. Ke4 g2 61. Nf3 Kg3 62. Ke3 Kg4 63. Ke4 Kg3 64. Ke3 Kg4 65. Ke4 1/2-1/2


[Site "https://www.chess.com"]

[Event "Titled Tuesday Blitz June 20 Early 2023"]
[White "Srdanovic, Jovana"]
[Black "Grossboss19"]
[WhiteFideId "954810"]
[WhiteElo "2155"]
[BlackElo "2435"]
[Result "1/2-1/2"]
[Round "8"]
[TimeControl "180+2"]
[Date "2023.06.20"]
[WhiteClock "0:00:21"]
[BlackClock "0:00:15"]
[Board "111"]

1. d4 d5 2. c4 c6 3. Nf3 Nf6 4. Nc3 e6 5. Bg5 Be7 6. e3 Nfd7 7. Bxe7 Qxe7 8. cxd5 exd5 9. Bd3 O-O 10. Qc2 h6 11. O-O a5 12. Rfe1 Nf6 13. Rad1 Bg4 14. Be2 Nbd7 15. h3 Bh5 16. a3 Bg6 17. Bd3 Bxd3 18. Qxd3 Ne4 19. Nd2 f5 20. f3 Nxd2 21. Qxd2 Nf6 22. Re2 Qc7 23. e4 fxe4 24. fxe4 dxe4 25. Nxe4 Nxe4 26. Rxe4 Rae8 27. Rg4 Rf6 28. d5 Rd8 29. Qc3 Qb6+ 30. Kh1 cxd5 31. Rd3 Rf1+ 32. Kh2 Rd7 33. Rf3 Rxf3 34. Qxf3 Qd6+ 35. Kh1 d4 36. Qd3 Qd5 37. Re4 Qf7 38. Rxd4 Rxd4 39. Qxd4 Qc7 40. Qd5+ Kh8 41. Qd4 b6 42. Qd2 Qc5 43. Qe2 Kg8 44. Qe8+ Kh7 45. Qe4+ Kg8 46. Qe8+ Kh7 47. Qe4+ Kg8 48. Qe8+ 1/2-1/2


[Site "https://www.chess.com"]

[Event "Titled Tuesday Blitz June 20 Early 2023"]
[White "Sai Han Thiha"]
[Black "Ilkhomi, Jaloliddin"]
[WhiteFideId "13012290"]
[BlackFideId "14700948"]
[WhiteElo "1953"]
[BlackElo "2045"]
[Result "1-0"]
[Round "8"]
[TimeControl "180+2"]
[Date "2023.06.20"]
[WhiteClock "0:00:17"]
[BlackClock "0:00:17"]
[Board "112"]

1. d4 Nf6 2. Nf3 e6 3. c4 b6 4. g3 Bb7 5. Bg2 Be7 6. O-O O-O 7. Nc3 Ne4 8. Bd2 f5 9. Be1 d6 10. Qd3 Nd7 11. Nd2 Nxd2 12. Bxd2 Bxg2 13. Kxg2 Nf6 14. e4 Qd7 15. exf5 exf5 16. Rae1 Rae8 17. d5 Ng4 18. Nb5 Bf6 19. Bc3 Bxc3 20. Qxc3 f4 21. gxf4 Rxe1 22. Rxe1 Rxf4 23. f3 Ne5 24. Rxe5 dxe5 25. Qxe5 Rf7 26. Nxa7 h6 27. Nc6 Rf6 28. Ne7+ Kf7 29. Nc6 Rg6+ 30. Kf2 Qd6 31. Qxd6 cxd6 32. a4 Ke8 33. b4 Kd7 34. a5 bxa5 35. bxa5 Kc7 36. f4 Rg4 37. Kf3 Rg1 38. Nd4 Kb7 39. Ke4 Ka6 40. Nf5 Rg6 41. Ne7 Rf6 42. Nc6 g5 43. f5 h5 44. c5 dxc5 45. Ke5 Rf8 46. f6 c4 47. Ke6 c3 48. Nd4 Kxa5 49. Ke7 Rc8 50. f7 g4 51. d6 h4 52. d7 Rc4 53. d8=Q+ Kb4 54. f8=Q c2 55. Ke6+ Kc3 56. Nxc2 Kxc2 57. Qf2+ Kb3 58. Qe3+ Rc3 59. Qdb6+ Kc2 60. Qxc3+ Kxc3 61. Qe3+ Kc4 62. Qe4+ Kc3 63. Qxg4 h3 64. Qxh3+ Kd4 65. Qg4+ Ke3 66. Ke5 Kf2 67. Qg3+ Kf1 68. h4 Ke2 69. h5 Kd2 70. Ke4 Kc2 71. h6 Kc1 72. Qg2 Kb1 73. h7 Kc1 74. h8=R Kb1 75. Rh1# 1-0


[Site "https://www.chess.com"]

[Event "Titled Tuesday Blitz June 20 Early 2023"]
[White "Arat, Ufuk Sezen"]
[Black "Itkis, Boris"]
[WhiteFideId "6309089"]
[BlackFideId "1209167"]
[WhiteElo "2289"]
[BlackElo "2219"]
[Result "0-1"]
[Round "8"]
[TimeControl "180+2"]
[Date "2023.06.20"]
[WhiteClock "0:02:01"]
[BlackClock "0:02:06"]
[Board "113"]

1. e4 e6 2. d4 d5 3. Nc3 Bb4 4. exd5 exd5 5. Bd3 Nf6 6. a3 Bxc3+ 7. bxc3 O-O 8. Ne2 Bg4 9. f3 Bh5 10. O-O c5 11. dxc5 Nbd7 12. Be3 Re8 13. Qd2 Qc7 14. Nf4 Bg6 15. Bxg6 hxg6 16. Rfe1 Qc6 17. Rad1 Nxc5 18. Nxd5 Nxd5 19. Qxd5 Qxd5 20. Rxd5 Rac8 21. Kf2 Na4 22. Bd2 Rxe1 23. Kxe1 Nb6 24. Ra5 a6 25. Re5 Nc4 26. Re7 b5 27. Ra7 Re8+ 28. Kd1 Rd8 29. Rxa6 Rxd2+ 30. Kc1 Rxg2 31. Kb1 Rg1+ 32. Ka2 Rc1 33. Ra8+ Kh7 34. a4 Rxc2+ 35. Kb1 Rb2+ 36. Kc1 Ra2 0-1


[Site "https://www.chess.com"]

[Event "Titled Tuesday Blitz June 20 Early 2023"]
[White "Mendez Fortes, Eduardo Jesus"]
[Black "Mrudul Dehankar"]
[WhiteFideId "3502376"]
[BlackFideId "25096990"]
[WhiteElo "2307"]
[BlackElo "2139"]
[Result "1-0"]
[Round "8"]
[TimeControl "180+2"]
[Date "2023.06.20"]
[WhiteClock "0:01:18"]
[BlackClock "0:00:01"]
[Board "114"]

1. e4 c6 2. d4 d5 3. e5 Bf5 4. Nf3 e6 5. Be2 c5 6. Be3 Nc6 7. dxc5 Qc7 8. c3 a6 9. Bd4 Nge7 10. O-O Ng6 11. Re1 Be7 12. Bd3 Bxd3 13. Qxd3 O-O 14. Nbd2 a5 15. g3 a4 16. h4 Rfe8 17. Kg2 Nf8 18. b4 axb3 19. axb3 Rxa1 20. Rxa1 Nd7 21. Qe3 Bf8 22. b4 f6 23. Re1 f5 24. Ra1 h6 25. h5 Rc8 26. Nb3 Qd8 27. Nc1 Ra8 28. Rxa8 Qxa8 29. Nd3 Qa2 30. Nf4 Kf7 31. Qd3 Qb3 32. g4 fxg4 33. Qg6+ Ke7 34. Qxe6+ Kd8 35. Qxg4 Qc4 36. Ne6+ Kc8 37. Nxf8 1-0


[Site "https://www.chess.com"]

[Event "Titled Tuesday Blitz June 20 Early 2023"]
[White "Gomes, Luiz Alexandre de Souza"]
[Black "Pastar, Slaven"]
[WhiteFideId "2102790"]
[BlackFideId "14402718"]
[WhiteElo "2423"]
[BlackElo "2219"]
[Result "0-1"]
[Round "8"]
[TimeControl "180+2"]
[Date "2023.06.20"]
[WhiteClock "0:00:00"]
[BlackClock "0:00:37"]
[Board "115"]

1. e4 b6 2. d4 Bb7 3. Bd3 Nf6 4. Qe2 e6 5. Nf3 d5 6. e5 Ne4 7. Nbd2 Nxd2 8. Bxd2 c5 9. c3 Be7 10. O-O a5 11. a3 Ba6 12. Bxa6 Nxa6 13. Qb5+ Qd7 14. Qxb6 O-O 15. Qb3 Rfb8 16. Qc2 a4 17. Rad1 h6 18. Bc1 Rc8 19. Rfe1 Rab8 20. g3 Rb7 21. h4 Nb8 22. Kg2 Qb5 23. g4 Nc6 24. g5 cxd4 25. Nxd4 Nxd4 26. Rxd4 Rc4 27. gxh6 gxh6 28. Red1 Kf8 29. Qh7 Ke8 30. Qxh6 Bc5 31. Qh8+ Kd7 32. Rxc4 Qxc4 33. Qf6 Qg4+ 34. Kh2 Qxd1 35. Qxf7+ Kc6 36. Qxe6+ Kb5 37. Bf4 Bxf2 38. Qe8+ Kb6 39. Qd8+ Ka6 40. Qa8+ Ba7 0-1


[Site "https://www.chess.com"]

[Event "Titled Tuesday Blitz June 20 Early 2023"]
[White "Gatterer, Florian"]
[Black "Bodnaruk, Anastasia"]
[WhiteFideId "811688"]
[BlackFideId "4181751"]
[WhiteElo "2221"]
[BlackElo "2304"]
[Result "0-1"]
[Round "8"]
[TimeControl "180+2"]
[Date "2023.06.20"]
[WhiteClock "0:00:00"]
[BlackClock "0:01:43"]
[Board "116"]

1. c4 Nf6 2. Nf3 g6 3. b3 Bg7 4. Bb2 c5 5. g3 d6 6. d4 Ne4 7. Nbd2 Qa5 8. Bg2 cxd4 9. Nxd4 Nc3 10. Bxc3 Qxc3 11. Nb5 Qxa1 12. Qxa1 Bxa1 13. Nc7+ Kd8 14. Nxa8 Nc6 15. O-O Bg7 16. Rd1 Bf5 17. c5 Kd7 18. cxd6 Rxa8 19. Nc4 e5 0-1


[Site "https://www.chess.com"]

[Event "Titled Tuesday Blitz June 20 Early 2023"]
[White "Adla, Diego"]
[Black "Carrasco Miranda, Andres"]
[WhiteFideId "100072"]
[BlackFideId "3405990"]
[WhiteElo "2377"]
[BlackElo "2183"]
[Result "1-0"]
[Round "8"]
[TimeControl "180+2"]
[Date "2023.06.20"]
[WhiteClock "0:02:06"]
[BlackClock "0:01:11"]
[Board "117"]

1. c4 Nf6 2. Nc3 g6 3. e4 e5 4. Nf3 Bg7 5. d4 exd4 6. Nxd4 O-O 7. Be2 Re8 8. f3 c6 9. O-O d5 10. exd5 cxd5 11. c5 Nc6 12. Bb5 Bd7 13. Bxc6 bxc6 14. Bf4 Nh5 15. Bd6 Qh4 16. f4 Bg4 17. Qd2 Rac8 18. f5 Bxf5 19. Nxf5 gxf5 20. Rxf5 Bd4+ 21. Kh1 Ng3+ 22. Bxg3 1-0


[Site "https://www.chess.com"]

[Event "Titled Tuesday Blitz June 20 Early 2023"]
[White "Belov, Alexei"]
[Black "Ai, Evan"]
[WhiteFideId "4128206"]
[BlackFideId "2094770"]
[WhiteElo "2559"]
[BlackElo "1963"]
[Result "1-0"]
[Round "8"]
[TimeControl "180+2"]
[Date "2023.06.20"]
[WhiteClock "0:00:50"]
[BlackClock "0:00:55"]
[Board "118"]

1. e4 e5 2. Nf3 Nc6 3. Bb5 a6 4. Ba4 Nf6 5. d4 exd4 6. O-O b5 7. Bb3 d6 8. Ng5 Ne5 9. f4 Nc4 10. e5 Nd5 11. Bxc4 bxc4 12. Qxd4 Nb6 13. exd6 Qxd6 14. Re1+ Be6 15. Qxd6 Bxd6 16. f5 Bc5+ 17. Be3 Bxe3+ 18. Rxe3 h6 19. Nf3 Nd5 20. Re1 Nb4 21. Na3 O-O-O 22. fxe6 fxe6 23. Rxe6 Rhe8 24. Rxe8 Rxe8 25. Re1 Rd8 26. Kf2 g5 27. Ne5 c3 28. bxc3 Nxa2 29. Re3 Rf8+ 30. Rf3 Re8 31. Nac4 a5 32. Nf7 a4 33. Ncd6+ cxd6 34. Nxd6+ Kd7 35. Nxe8 Kxe8 36. Ke2 a3 37. Kd2 Kd7 38. Rf1 1-0


[Site "https://www.chess.com"]

[Event "Titled Tuesday Blitz June 20 Early 2023"]
[White "Demin, Vladimir"]
[Black "i_like_explosions"]
[WhiteFideId "4167457"]
[WhiteElo "2544"]
[BlackElo "2403"]
[Result "0-1"]
[Round "8"]
[TimeControl "180+2"]
[Date "2023.06.20"]
[WhiteClock "0:01:04"]
[BlackClock "0:00:45"]
[Board "119"]

1. d4 Nf6 2. Nc3 d6 3. e4 c6 4. a4 Nbd7 5. Nf3 e5 6. Bc4 Be7 7. O-O O-O 8. h3 Qc7 9. a5 Re8 10. Re1 Bf8 11. d5 cxd5 12. Bxd5 Nxd5 13. Nxd5 Qc6 14. c3 Nf6 15. Bg5 Nxd5 16. exd5 Qc7 17. Nd2 h6 18. Be3 f5 19. f4 Bd7 20. Nf3 a6 21. Bb6 Qb8 22. c4 exf4 23. Qd2 g5 24. Nd4 Bg7 25. Ne6 Bxe6 26. Rxe6 Qc8 27. Qe2 Rxe6 28. dxe6 Qc6 29. Qd3 Qe4 30. Qxd6 Re8 31. Qd5 Rxe6 32. Rd1 Bxb2 33. Qxb7 Qxb7 0-1


[Site "https://www.chess.com"]

[Event "Titled Tuesday Blitz June 20 Early 2023"]
[White "Nikologorsky, Matfei"]
[Black "Karamsetty, Jeevan"]
[WhiteFideId "24102474"]
[BlackFideId "2025337"]
[WhiteElo "2153"]
[BlackElo "2131"]
[Result "1-0"]
[Round "8"]
[TimeControl "180+2"]
[Date "2023.06.20"]
[WhiteClock "0:00:47"]
[BlackClock "0:00:29"]
[Board "120"]

1. e4 c6 2. d4 d5 3. Nc3 dxe4 4. Nxe4 Bf5 5. Ng3 Bg6 6. Bc4 e6 7. N1e2 Bd6 8. h4 h5 9. Nf4 Bxf4 10. Bxf4 Nd7 11. Be2 Ne7 12. c3 Nd5 13. Bg5 N7f6 14. O-O Qc7 15. c4 Nf4 16. Bf3 O-O-O 17. Qd2 e5 18. Bxf4 Rxd4 19. Qxd4 exf4 20. Ne2 Ng4 21. Qxf4 Ne5 22. Rfd1 f6 23. Qg3 Bf5 24. Nd4 Bd7 25. c5 g5 26. hxg5 h4 27. Qh2 h3 28. gxf6 Rg8 29. f7 Rf8 30. Re1 Nxf3+ 31. Nxf3 Qd8 32. Ne5 hxg2 33. Rad1 Rh8 34. Rxd7 1-0


[Site "https://www.chess.com"]

[Event "Titled Tuesday Blitz June 20 Early 2023"]
[White "Goldin, Roman"]
[Black "Akylbek2021"]
[WhiteFideId "2803860"]
[WhiteElo "2312"]
[BlackElo "2509"]
[Result "1/2-1/2"]
[Round "8"]
[TimeControl "180+2"]
[Date "2023.06.20"]
[WhiteClock "0:00:02"]
[BlackClock "0:00:49"]
[Board "121"]

1. d4 Nf6 2. Nf3 g6 3. g3 c5 4. d5 Bg7 5. Bg2 e6 6. c4 exd5 7. cxd5 O-O 8. Nc3 d6 9. O-O Re8 10. Nd2 Na6 11. Nc4 Nc7 12. a4 b6 13. Bf4 Bf8 14. Nb5 Nxb5 15. axb5 Bb7 16. Qd3 Qd7 17. Rfd1 h6 18. Bd2 Qxb5 19. Bc3 Bg7 20. Nxd6 Qxd3 21. Rxd3 c4 22. Rdd1 Rab8 23. Nxe8 Nxe8 24. Rxa7 Bxc3 25. bxc3 Nd6 26. Rb1 b5 27. e4 f6 28. f4 Bc8 29. e5 fxe5 30. fxe5 Bf5 31. Rb4 Nf7 32. e6 Nd6 33. Rd7 Rb6 34. h3 h5 35. Kh2 Kf8 36. Bf3 Ke8 37. g4 hxg4 38. hxg4 Bd3 39. Rb2 b4 40. Rxb4 Rxb4 41. cxb4 Nb5 42. Rb7 c3 43. Rb8+ Ke7 44. Rb7+ Kd8 45. Rb8+ Ke7 46. Rb7+ Ke8 47. Rb8+ Ke7 1/2-1/2


[Site "https://www.chess.com"]

[Event "Titled Tuesday Blitz June 20 Early 2023"]
[White "Slavin, Alexey"]
[Black "Goffredo_Fofi"]
[WhiteFideId "24104388"]
[WhiteElo "2264"]
[BlackElo "2507"]
[Result "0-1"]
[Round "8"]
[TimeControl "180+2"]
[Date "2023.06.20"]
[WhiteClock "0:00:00"]
[BlackClock "0:00:38"]
[Board "122"]

1. e4 Nf6 2. Nc3 e5 3. Nf3 Nc6 4. Bb5 Nd4 5. Bc4 Bc5 6. O-O d6 7. h3 c6 8. d3 b5 9. Bb3 a5 10. Nxd4 exd4 11. e5 dxe5 12. Re1 O-O 13. Nxb5 cxb5 14. a4 bxa4 15. Bxa4 Qc7 16. Bg5 Nd5 17. Bb3 Bb7 18. Qf3 Nf4 19. Qg3 Kh8 20. f3 Bd6 21. Qf2 Nd5 22. Bd2 Bc6 23. Qh4 a4 24. Bc4 Nb4 25. Rac1 Nd5 26. Kh1 a3 27. bxa3 Rxa3 28. Rb1 Nf4 29. Qg4 f5 30. Qg3 Nd5 31. Qf2 f4 32. Qe2 Ne3 33. Bxe3 fxe3 34. Rb2 Rb8 35. Rxb8+ Qxb8 0-1


[Site "https://www.chess.com"]